 Dungeon Crawl Stone Soup version 0.27-a0-277-g024f7ef292 (webtiles) character file.

Game seed: 14701685979668813447

2374 siradein the Magician (level 9, 0/70 HPs)
             Began as a Gnoll Warper on Feb 6, 2021.
             Was a Follower of Uskayaw.
             Slain by a killer bee (1 damage)
             ... on level 8 of the Dungeon.
             The game lasted 00:27:07 (9466 turns).

siradein the Magician (Gnoll Warper)                Turns: 9466, Time: 00:27:09

Health: 0/70       AC: 11    Str: 12    XL:     9   Next: 45%
Magic:  12/19      EV:  7    Int: 14    God:    Uskayaw [*.....]
Gold:   452        SH:  0    Dex: 12    Spells: 10/21 levels left

rFire    + . .     SeeInvis .   D - +4 battleaxe (freeze)
rCold    . . .     Faith    +   (shield currently unavailable)
rNeg     . . .     Spirit   .   i - +0 chain mail
rPois    .         Reflect  .   (no helmet)
rElec    .         Harm     .   x - +0 cloak
rCorr    .         Rampage  .   (no gloves)
Will     .....                  (no boots)
Stlth    ..........             C - amulet of faith
HPRegen  0.21/turn              r - ring of protection from fire
MPRegen  0.16/turn              (no ring)

@: lethally poisoned (0 -> -5)
A: distributed training, fangs 1, strong nose
a: Renounce Religion, Stomp


You were on level 8 of the Dungeon.
You worshipped Uskayaw.
Uskayaw was noncommittal.
You visited 1 branch of the dungeon, and saw 8 of its levels.

You collected 452 gold pieces.

Inventory:

Hand Weapons
 n - a +0 hunting sling
 u - a +2 dagger of venom
 w - a +1 mace of holy wrath
 A - a +2 whip of flaming
 B - a +0 shortbow
 D - a +4 battleaxe of freezing (weapon)
 G - a +2 mace of protection
Missiles
 a - 4 datura-tipped darts
 c - 248 stones (quivered)
 e - 5 boomerangs of dispersal
 g - 37 poisoned darts
 s - 8 boomerangs
 t - 47 sling bullets
 E - 36 arrows
Armour
 i - a +0 chain mail (worn)
 x - a +0 cloak (worn)
Jewellery
 r - a ring of protection from fire (left hand)
 C - an amulet of faith (around neck)
Wands
 q - a wand of iceblast (22)
Scrolls
 d - a scroll of blinking
 f - 2 scrolls of immolation {unknown}
 j - 11 scrolls of identify
 o - 7 scrolls of remove curse
 v - a scroll of fog
 F - a scroll of teleportation {unknown}
Potions
 b - 4 potions of heal wounds {unknown}
 h - 4 potions of curing
 k - a potion of resistance
 l - 3 potions of lignification {unknown}
 m - 2 potions of brilliance {unknown}
 p - a potion of magic {unknown}
 z - 2 potions of degeneration {unknown}
 H - a potion of berserk rage {unknown}


   Skills:
 + Level 6.3 Fighting
 + Level 4.2 Short Blades
 + Level 6.3 Long Blades
 + Level 4.2 Axes
 + Level 4.2 Maces & Flails
 + Level 4.2 Polearms
 + Level 4.2 Staves
 + Level 4.2 Slings
 + Level 4.2 Bows
 + Level 4.2 Crossbows
 + Level 5.0 Throwing
 + Level 5.0 Armour
 + Level 6.3 Dodging
 + Level 4.2 Stealth
 + Level 4.2 Shields
 + Level 4.2 Unarmed Combat
 + Level 6.6 Spellcasting
 + Level 3.5 Conjurations
 + Level 3.5 Hexes
 + Level 3.5 Summonings
 + Level 3.5 Necromancy
 + Level 6.5 Translocations
 + Level 3.5 Transmutations
 + Level 3.5 Fire Magic
 + Level 3.5 Ice Magic
 + Level 3.5 Air Magic
 + Level 3.5 Earth Magic
 + Level 3.5 Poison Magic
 + Level 4.7 Invocations
 + Level 4.2 Evocations


You had 10 spell levels left.
You knew the following spells:

 Your Spells              Type           Power        Failure   Level
a - Blink                 Tloc           N/A          43%         2
b - Gell's Gravitas       Tloc           11%          67%         3
c - Lesser Beckoning      Tloc           11%          67%         3
d - Teleport Other        Tloc           23%          67%         3

Your spell library contained the following spells:

 Spells                   Type           Power        Failure   Level
 Passage of Golubria      Tloc           N/A          97%         4


Dungeon Overview and Level Annotations

Branches:
Dungeon (8/15)             Temple (0/1) D:6
   Lair: D:8-11

Altars:
Ashenzari
Cheibriados
Dithmenos
Gozag
Hepliaklqana
Makhleb
Nemelex Xobeh
Ru
Trog
Uskayaw
Wu Jian

Shops:
D:7 (


Innate Abilities, Weirdness & Mutations

Your experience applies equally to all skills.
You have very sharp teeth.
Your uncanny sense of smell can sniff out nearby items.


Message History

The adder barely misses you.
You closely miss the killer bee.
The killer bee is heavily wounded.
You slash the hound! You freeze the hound.
You kill the hound!
You miss the adder.
You feel sick. The killer bee stings you.
* * * LOW HITPOINT WARNING * * *
The killer bee stings you.
* * * LOW HITPOINT WARNING * * *
The adder bites you.
* * * LOW HITPOINT WARNING * * *
The killer bee completely misses you.
You can now pass through a line of other dancers.
You stomp with the beat, sending a shockwave through the revellers around you!
The killer bee is severely wounded.
You kill the adder!
You can no longer pass through a line of other dancers.
* * * LOW HITPOINT WARNING * * *
You feel sick. The killer bee stings you.
You die...

#... .#.
###..
....#+##
#.....#
#.....#
#...y.#
+...@.#
#..†.†# ∆
#.........#
..........+
.####.....#
#.....#
#.....#
#.....#


You could see a killer bee.

Vanquished Creatures
  Pikel (D:6)
  Prince Ribbit (D:7)
  Edmund (D:5)
  Duvessa (D:4)
  A black bear (D:6)
  An orc warrior (D:6)
  An ogre (D:6)
  A necrophage (D:6)
  A centaur (D:6)
  Dowan (D:4)
  2 scorpions
  5 wights
  4 hounds
  3 orc priests
  Crazy Yiuf (D:4)
  Ijyb (D:3)
  An iguana (D:4)
  4 worker ants
  6 orc wizards
  A hound skeleton (D:6)
  2 worker ant zombies
  5 adders
  A gnoll (D:1)
  A white imp (D:5)
  An ufetubus (D:5)
  2 worms
  2 dart slugs
  4 leopard geckos
  21 orcs
  3 ball pythons
  4 bats
  6 giant cockroaches
  6 goblins
  8 hobgoblins
  9 jackals
  5 quokkas
  3 frilled lizards
  7 kobolds
  7 rats
135 creatures vanquished.

Notes
Turn   | Place    | Note
-------+----------+-------------------------------------------
     0 | D:1      | siradein the Gnoll Warper began the quest for the Orb.
     0 | D:1      | Reached XP level 1. HP: 20/20 MP: 6/6
   230 | D:1      | Reached XP level 2. HP: 26/26 MP: 7/7
   385 | D:1      | Reached XP level 3. HP: 19/31 MP: 9/9
   525 | D:1      | Learned a level 2 spell: Blink
   529 | D:1      | Learned a level 3 spell: Gell's Gravitas
   533 | D:1      | Learned a level 3 spell: Lesser Beckoning
   537 | D:1      | Learned a level 3 spell: Teleport Other
   673 | D:1      | Reached skill level 5 in Spellcasting
   949 | D:2      | Reached skill level 1 in Invocations
  1045 | D:2      | Found an ornate altar of the Wu Jian Council.
  1178 | D:2      | Reached skill level 1 in Short Blades
  1178 | D:2      | Reached skill level 1 in Axes
  1178 | D:2      | Reached skill level 1 in Maces & Flails
  1178 | D:2      | Reached skill level 1 in Polearms
  1178 | D:2      | Reached skill level 1 in Staves
  1178 | D:2      | Reached skill level 1 in Slings
  1178 | D:2      | Reached skill level 1 in Bows
  1178 | D:2      | Reached skill level 1 in Crossbows
  1178 | D:2      | Reached skill level 1 in Stealth
  1178 | D:2      | Reached skill level 1 in Shields
  1178 | D:2      | Reached skill level 1 in Unarmed Combat
  1178 | D:2      | Reached skill level 1 in Evocations
  1419 | D:2      | Found a sacrificial altar of Ru.
  1424 | D:2      | Reached XP level 4. HP: 38/38 MP: 11/11
  1546 | D:2      | Reached skill level 1 in Conjurations
  1546 | D:2      | Reached skill level 1 in Hexes
  1546 | D:2      | Reached skill level 1 in Summonings
  1546 | D:2      | Reached skill level 1 in Necromancy
  1546 | D:2      | Reached skill level 1 in Transmutations
  1546 | D:2      | Reached skill level 1 in Fire Magic
  1546 | D:2      | Reached skill level 1 in Ice Magic
  1546 | D:2      | Reached skill level 1 in Air Magic
  1546 | D:2      | Reached skill level 1 in Earth Magic
  1546 | D:2      | Reached skill level 1 in Poison Magic
  2452 | D:3      | Reached XP level 5. HP: 43/43 MP: 12/12
  2943 | D:3      | Found a broken altar of Ashenzari.
  3034 | D:3      | Found a faded altar of an unknown god.
  3456 | D:3      | Became a worshipper of Uskayaw the Reveller
  3456 | D:3      | Reached * piety under Uskayaw
  3490 | D:4      | Noticed Ijyb
  3495 | D:4      | Paralysed by something for 2 turns
  3510 | D:3      | Paralysed by something for 5 turns
  3527 | D:3      | Reached ** piety under Uskayaw
  3531 | D:3      | Killed Ijyb
  3752 | D:4      | Found a shadowy altar of Dithmenos.
  3761 | D:4      | Reached XP level 6. HP: 33/50 MP: 6/13
  3916 | D:4      | Noticed Duvessa
  3916 | D:4      | Noticed Dowan
  4415 | D:4      | Found a snail-covered altar of Cheibriados.
  4910 | D:4      | Killed Duvessa
  4911 | D:4      | Reached skill level 5 in Fighting
  4911 | D:4      | Reached skill level 5 in Long Blades
  4911 | D:4      | Reached skill level 5 in Dodging
  4920 | D:4      | Killed Dowan
  4921 | D:4      | Reached XP level 7. HP: 16/56 MP: 7/15
  5218 | D:4      | Found a runed translucent door.
  5219 | D:4      | Noticed Crazy Yiuf
  5264 | D:4      | Killed Crazy Yiuf
  5377 | D:5      | Entered Level 5 of the Dungeon
  5990 | D:5      | Noticed Edmund
  6010 | D:5      | Killed Edmund
  6110 | D:5      | Reached XP level 8. HP: 61/63 MP: 12/16
  7745 | D:6      | Reached *** piety under Uskayaw
  7945 | D:6      | Found a hazy altar of Hepliaklqana.
  7955 | D:6      | Found a bloodstained altar of Trog.
  8394 | D:6      | Found an opulent altar of Gozag.
  8467 | D:6      | Found a staircase to the Ecumenical Temple.
  8581 | D:6      | Found a sparkling altar of Nemelex Xobeh.
  8628 | D:6      | Noticed Pikel
  8634 | D:6      | Killed Pikel
  8635 | D:6      | Reached XP level 9. HP: 51/69 MP: 14/18
  8970 | D:6      | Found a burning altar of Makhleb.
  9117 | D:7      | Noticed Prince Ribbit
  9135 | D:7      | Killed Prince Ribbit
  9136 | D:7      | Reached skill level 5 in Throwing
  9136 | D:7      | Reached skill level 5 in Armour
  9317 | D:7      | Found Pimidas's Weapon Emporium.
  9401 | D:7      | Noticed a two-headed ogre
  9402 | D:7      | Noticed a troll
  9465 | D:8      | HP: 2/70 [adder (2)]
  9466 | D:8      | Slain by a killer bee

Illustrated notes

Levels and vault maps discovered:
D:1:      dpeg_arrival_simpleton_c, layout_rooms, grunt_decor_fettered
D:2:      minmay_diamond_boxcup, layout_basic,
          nicolae_ru_great_annihilating_truth, lemuel_crystal_altar,
          chequers_serial_rivers_large_a, feat_on_display
D:3:      layout_loops_corners, overflow_temple_1_default,
          chequers_ecumenical_altar_lobes
D:4:      layout_basic, kennysheep_slug_shrine, nicolae_dithmenos_the_darkroom,
          grunt_ministairs_8, uniq_duvessa, uniq_crazy_yiuf_cottage, uniq_ijyb
D:5:      layout_cave_pods, serial_column_ruins, column_ruins_columns_straight,
          column_ruins_corridor_corner, column_ruins_open_small,
          column_ruins_open_small, uniq_edmund
D:6:      layout_loops_cross, bloody_trog, kennysheep_mini_moat,
          marbit_many_paths, lemuel_round_altar, temple_pool_b,
          makhleb_blood_cavern_becter, uniq_pikel
D:7:      layout_rooms, serial_shops,
          nicolae_shop_temple_entry_statues_fountains, kb_rosetta,
          uniq_prince_ribbit1, uniq_joseph
D:8:      layout_gridville, old_standard_altar, grunt_qazlal_sundering,
          dpeg_oklobed_lair, basic_altar, elyvilon_altar_4

Skill      XL: |  1  2  3  4  5  6  7  8  9 |
---------------+----------------------------+-----
Spellcasting   | 5 6 |  6.6
Invocations    | 1 2 3 4 |  4.7
Short Blades   | 1 2 4 |  4.2
Axes           | 1 2 4 |  4.2
Maces & Flails | 1 2 4 |  4.2
Polearms       | 1 2 4 |  4.2
Staves         | 1 2 4 |  4.2
Slings         | 1 2 4 |  4.2
Bows           | 1 2 4 |  4.2
Crossbows      | 1 2 4 |  4.2
Stealth        | 1 2 4 |  4.2
Shields        | 1 2 4 |  4.2
Unarmed Combat | 1 2 4 |  4.2
Evocations     | 1 2 4 |  4.2
Conjurations   | 1 2 3 |  3.5
Hexes          | 1 2 3 |  3.5
Summonings     | 1 2 3 |  3.5
Necromancy     | 1 2 3 |  3.5
Transmutations | 1 2 3 |  3.5
Fire Magic     | 1 2 3 |  3.5
Ice Magic      | 1 2 3 |  3.5
Air Magic      | 1 2 3 |  3.5
Earth Magic    | 1 2 3 |  3.5
Poison Magic   | 1 2 3 |  3.5
Throwing       | 3 4 5 |  5.0
Armour         | 3 4 5 |  5.0
Fighting       | 5 6 |  6.3
Long Blades    | 5 6 |  6.3
Dodging        | 5 6 |  6.3
Translocations | 6 |  6.5

Action                   |  1- 3 |  4- 6 |  7- 9 || total
-------------------------+-------+-------+-------++-------
Melee: Falchion          |   116 |   254 |       ||   370
       Bite              |    10 |    23 |    26 ||    59
       Punch             |       |     1 |     1 ||     2
       Dagger            |       |    13 |    96 ||   109
       Mace              |       |       |    76 ||    76
       Quarterstaff      |       |       |     4 ||     4
       Battleaxe         |       |       |    52 ||    52
 Fire: Hunting sling     |       |       |     5 ||     5
Invok: Stomp             |       |     7 |    27 ||    34
  Use: Scroll            |       |       |     5 ||     5
 Stab: Paralysed         |     2 |       |     2 ||     4
Armor: Leather armour    |    13 |       |       ||    13
       Chain mail        |    47 |   153 |   193 ||   393
Dodge: Dodged            |    63 |    66 |    93 ||   222
       Rpst.: Falchion   |    18 |    16 |       ||    34

Table legend: (Time is in decaauts)
 A = Elapsed time spent in this place.
 B = Non-inter-level travel time spent in this place.
 C = Inter-level travel time spent in this place.
 D = Time resting spent in this place.
 E = Time spent auto-exploring this place.
 F = Levels seen in this place.
 G = Mean time per level.
                   A        B        C        D        E       F      G
               +--------+--------+--------+--------+--------+-----+--------+
         Total |   9536 |   9346 |    190 |    764 |   6769 |   8 | 1192.0 |
       Dungeon |   9536 |   9346 |    190 |    764 |   6769 |   8 | 1192.0 |
               +--------+--------+--------+--------+--------+-----+--------+

Top non-repeatable levels by time:
     D:5: 1970 daAuts
     D:6: 1766 daAuts
     D:3: 1663 daAuts
     D:4: 1605 daAuts
     D:2: 1321 daAuts
     D:1: 834 daAuts
     D:7: 372 daAuts
     D:8: 4 daAuts
